 Dungeon Crawl Stone Soup version 0.31-a0-795-g5eb97db20b (webtiles) character file.

Game seed: 17118953317193070259

61 SmokeWeed the Changeling (level 3, -2/28 HPs)
             Began as a Draconian Shapeshifter on Sept 18, 2023.
             Killed by divine providence
             ... invoked by an orc priest
              (12 damage)
             ... on level 3 of the Dungeon.
             The game lasted 00:04:58 (1681 turns).

SmokeWeed the Changeling (Draconian Shapeshifter)   Turns: 1681, Time: 00:04:59

Health: -2/28      AC:  5    Str: 18    XL:     3   Next: 83%
Magic:  3/3        EV: 12    Int: 10    God:
Gold:   111        SH:  0    Dex: 10    Spells: 2/2 levels left

rFire   . .          .
                       - Unarmed
rCold   . . .        (no shield)
rNeg    . . .        (body armour unavailable)
rPois   .            (helmet currently unavailable)
rElec   .            (cloak currently unavailable)
rCorr   .            (gloves currently unavailable)
SInv    .            (boots currently unavailable)
Will    .....        (no amulet)
Stlth   +            (no ring)
HPRegen 0.24/turn    (no ring)
MPRegen 0.08/turn

%: no passive effects
@: confused, beast-form
A: beast (slay +2), AC +5, unfitting armour, cold-blooded
a: Begin Untransformation


You were on level 3 of the Dungeon.
You were a hulking beast.
You visited 1 branch of the dungeon, and saw 3 of its levels.

You collected 111 gold pieces.

Inventory:

Missiles
 l - a stone (quivered)
Armour
 h - a +0 kite shield
Talismans
 b - a beast talisman (active)
 c - a flux talisman
Scrolls
 d - a scroll of revelation {unknown}
 e - 5 scrolls of identify {unknown}
 f - 3 scrolls of blinking {unknown}
 g - a scroll of fear {unknown}
 i - a scroll of noise {unknown}
 j - a scroll of poison {unknown}
Potions
 a - a potion of lignification
 k - a potion of attraction {unknown}
 m - a potion of brilliance {unknown}


   Skills:
 * Level 1.6 Fighting
 * Level 2.5 Dodging
 + Level 3.5 Unarmed Combat
 + Level 3.5 Shapeshifting


You had 2 spell levels left.
You didn't know any spells.
Your spell library contained the following spells:

 Spells                   Type           Power      Damage    Failure   Level
 Ensorcelled Hibernation  Hex/Ice        0%         N/A       50%         2
 Jinxbite                 Hex            0%         N/A       50%         2
 Anguish                  Hex/Necr       0%         N/A       98%         4
 Chain Lightning          Conj/Air       0%         N/A       100%        9
 Fire Storm               Conj/Fire      0%         5d1       100%        9
 Shatter                  Erth           0%         3d5*      100%        9


Dungeon Overview and Level Annotations

Branches:
Dungeon (3/15)

Altars:


Innate Abilities, Weirdness & Mutations

You are a hulking beast.
Your limbs bulge with bestial killing power. (Slay +2)
Your plain brown scales are hard. (AC +5)
You cannot fit into any form of body armour.
You are cold-blooded and may be slowed by cold attacks.


Message History

The orc wizard mumbles some strange words.
The orc wizard flickers and vanishes!
Deactivating autopickup; reactivate with Ctrl-A.
A black bear comes into view.
An orc comes into view. It is wielding a +0 war axe.
The orc hits you with a +0 war axe.
The black bear moves out of view.
The orc shouts!
The orc attacks as it pursues you! The orc barely misses you.
The orc attacks as it pursues you! The orc misses you.
The orc hits you with a +0 war axe.
You hit the orc.
The orc is heavily wounded.
You barely miss the orc.
Your tail-slap misses the orc.
The orc misses you. The orc barely misses you.
You hit the orc.
The orc is moderately wounded.
The orc hits you with a +0 war axe.
You punch the orc!
You kill the orc!
Something hits you but does no damage.
Things that are here:
a +0 war axe; an orc corpse You hear some strange, mumbled words.
You are confused.
You bump into the rock wall.
You hear some strange, mumbled words.
Something tries to affect you, but you resist.
Something hits you.
You bump into the rock wall.
Something hits you but does no damage.
An orc priest comes into view. It is wielding a +0 flail.
The black bear bites you but does no damage.
The black bear claws you but does no damage.
The black bear claws you.
You're too confused to move!
The orc priest shouts!
Something hits you. The black bear bites you. The black bear barely misses you.
The black bear claws you but does no damage.
The orc priest calls down the wrath of Beogh upon you.
Beogh smites you!
You die...

#.# #.###### #...)..#
#..###.# #..# #.# ###..#
#.##### #....# #†#...
#.##.##.###h#.#####
#...<..>..h{o.....######
########...o.....o......
#....#)##...#####
#.####........# #.#
########.# #. .# # h. .


You could see a black bear, an orc priest and 2 orcs.

Vanquished Creatures
  A gnoll (D:1)
  An adder (D:2)
  2 worms (D:2)
  An orc (D:3)
  4 endoplasms
  A giant cockroach (D:2)
  5 goblins
  2 hobgoblins (D:1)
  3 kobolds
  4 quokkas
  3 bats
  3 frilled lizards
  4 rats
34 creatures vanquished.

Notes
Turn   | Place    | Note
-------+----------+-------------------------------------------
     0 | D:1      | SmokeWeed the Draconian Shapeshifter began the quest for
                  | the Orb.
     0 | D:1      | Reached XP level 1. HP: 16/16 MP: 1/1
   183 | D:1      | Reached XP level 2. HP: 23/23 MP: 2/2
   565 | D:1      | Reached XP level 3. HP: 28/28 MP: 3/3
  1664 | D:3      | Noticed a black bear
  1681 | D:3      | Killed from afar by an orc priest

Illustrated notes

Levels and vault maps discovered:
D:1:      spicycebolla_arrival_ecumenical, layout_basic
D:2:      layout_loops_ring
D:3:      layout_basic, overflow_temple_1_default,
          nemelex_xobeh_ov_fountains_minmay

Skill      XL: |  1  2 |
---------------+-------+-----
Dodging        | 2 |  2.5
Fighting       | |  1.6
Unarmed Combat | |  3.5
Shapeshifting  | |  3.5

Action                     || total
---------------------------++-------
  Melee: Unarmed           ||    88
         Tailslap          ||     9
         Punch             ||     2
   Stab: Sleeping          ||     1
 Armour: Skin              ||    44
  Dodge: Dodged            ||    55

Table legend: (Time is in decaauts)
 A = Elapsed time spent in this place.
 B = Non-inter-level travel time spent in this place.
 C = Inter-level travel time spent in this place.
 D = Time resting spent in this place.
 E = Time spent auto-exploring this place.
 F = Levels seen in this place.
 G = Mean time per level.
                   A        B        C        D        E       F      G
               +--------+--------+--------+--------+--------+-----+--------+
         Total |   1674 |   1674 |      0 |      0 |   1280 |   3 |  558.0 |
       Dungeon |   1674 |   1674 |      0 |      0 |   1280 |   3 |  558.0 |
               +--------+--------+--------+--------+--------+-----+--------+

Top non-repeatable levels by time:
     D:1: 887 daAuts
     D:2: 746 daAuts
     D:3: 41 daAuts
